 Dungeon Sprint DCSS version 0.17-a0-1778-gd369669 (webtiles) character file.

65 pipel the Charmwright (level 4, -1/40 HPs)
             Began as a Hill Orc Skald on Sept 8, 2015.
             Was a Priest of Beogh.
             Slain by an iron imp (10 damage)
             ... in the Dungeon (Sprint VII: "The Pits").
             The game lasted 00:03:13 (409 turns).

pipel the Charmwright (Hill Orc Skald)               Turns: 409, Time: 00:03:13

Health: -1/40      AC:  3    Str: 15    XL:     4   Next: 13%
Magic:  3/7        EV: 11    Int: 12    God:    Beogh [***...]
Gold:   0          SH:  0    Dex: 10    Spells: 2 memorised, 4 levels left

rFire  . . .     SeeInvis .     a - +2 hand axe (chop)
rCold  . . .     Clarity  .     q - +0 leather armour
rNeg   . . .     SustAt   .     (no shield)
rPois  .         Gourm    .     (no helmet)
rElec  .         Spirit   .     (no cloak)
rCorr  .         Warding  .     (no gloves)
rMut   .         NoTele   +     (no boots)
MR     .....                    (no amulet)
Stlth  +.........               (no ring)
                                (no ring)

@: not resistant to hostile enchantments, very unstealthy
A: no striking features
a: Smiting, Renounce Religion


You were in the Dungeon.
You worshipped Beogh.
Beogh was most pleased with you.
You were not hungry.

You visited 1 branch

Inventory:

Hand weapons
 a - a +2 hand axe of chopping (weapon)
 l - a +2 trident
 w - a +1 trident of piercing
Missiles
 p - 10 stones (quivered)
Armour
 q - a +0 leather armour (worn)
 v - a +3 chain mail
Magical staves
 b - an uncursed staff of energy
Scrolls
 j - a scroll of blinking
 r - 3 scrolls of remove curse
 s - 5 scrolls of amnesia
 t - a scroll of summoning
 u - 2 scrolls of vulnerability
Potions
 e - 6 potions of curing
 f - 6 potions of heal wounds
 g - a potion of haste
 h - 4 potions of magic
 i - 2 potions of berserk rage
 o - 2 potions of invisibility
Books
 c - a book of Battle

   Spells                             Type                      Level
   a - Infusion                       Charms                       1
   b - Shroud of Golubria             Charms/Translocation         2
   c - Song of Slaying                Charms                       2
   d - Spectral Weapon                Hexes/Charms                 3
   e - Regeneration                   Charms/Necromancy            3
Comestibles
 d - 8 bread rations
 k - 2 chunks of flesh
 m - 40 fruits
 n - 7 meat rations


   Skills:
 + Level 4.1 Fighting
 + Level 4.7 Axes
 + Level 1.3 Armour
 + Level 1.6 Dodging
 + Level 2.6 Spellcasting
 * Level 1.5 Hexes
 - Level 5.3 Charms


You had 4 spell levels left.
You knew the following spells:

 Your Spells              Type           Power        Failure   Level  Hunger
a - Infusion              Chrm           ##....       3%          1    #......
b - Spectral Weapon       Hex/Chrm       #.......     24%         3    ###....


Dungeon Overview and Level Annotations

Branches:
Dungeon (1/1)

Altars:
Ashenzari
Cheibriados
Dithmenos
Elyvilon
Fedhas
Gozag
Kikubaaqudgha
Makhleb
Nemelex Xobeh
Okawaru
Qazlal
Ru
Sif Muna
Trog
Vehumet
Xom
Yredelemnul
Zin
The Shining One
Beogh
Jiyva
Lugonu

Annotations:
D Jessica


Message History

Your spectral weapon closely misses the iron imp.
Your spectral weapon barely misses the ice beast.
Your spectral weapon hits the gnoll shaman.
The wolf bites you!
* * * LOW HITPOINT WARNING * * *
The ice beast closely misses your spectral weapon.
The gnoll shaman misses your spectral weapon.
Unknown command.
You hit the wolf.
The wolf is moderately wounded.
You hit the iron imp but do no damage.
Your spectral weapon closely misses the wolf.
Your spectral weapon hits the iron imp.
Your spectral weapon barely misses the gnoll.
Your spectral weapon hits the ice beast but does no damage.
Your spectral weapon hits the gnoll shaman.
The wolf bites you but does no damage.
Jessica looks very angry.
The wolf closely misses you. The iron imp hits you!
You die...

#.#..)..#))#####'#
#.#..####.)##.....
#.#..#..#))##.....
#.#..#..#..##.....
#.##'#..#'###...<.
#.#........##.....
#.#........##.....
#'###########.....
#@5gg@..# ######
#h(Y#...# #..g# .#
#.##J# #.. #g. #..
... #.. ..+ ####
##


You could see an ice beast, a wolf, a gnoll shaman, a jelly, an iron imp, 3
gnolls and Jessica.

Vanquished Creatures
  A worker ant (D)
  A gnoll (D)
  A river rat (D)
  An ooze (D)
  An orc (D)
  A ball python (D)
  A bat (D)
  A bat zombie (D)
  2 quokkas (D)
  A giant gecko zombie (D)
11 creatures vanquished.

Notes
Turn   | Place    | Note
--------------------------------------------------------------
     0 | D        | pipel the Hill Orc Skald began the quest for the Orb.
     0 | D        | Reached XP level 1. HP: 18/18 MP: 3/3
    13 | D        | Reached skill level 3 in Axes
    22 | D        | Found a sacrificial altar of Ru.
    22 | D        | Found a basalt altar of Yredelemnul.
    22 | D        | Found a shadowy altar of Dithmenos.
    22 | D        | Found a deep blue altar of Sif Muna.
    22 | D        | Found a burning altar of Makhleb.
    22 | D        | Found a shimmering altar of Xom.
    22 | D        | Found an ancient bone altar of Kikubaaqudgha.
    22 | D        | Found a sparkling altar of Nemelex Xobeh.
    23 | D        | Found a glowing golden altar of the Shining One.
    23 | D        | Found a bloodstained altar of Trog.
    23 | D        | Found a shattered altar of Ashenzari.
    23 | D        | Found a white marble altar of Elyvilon.
    23 | D        | Found a snail-covered altar of Cheibriados.
    23 | D        | Found a blossoming altar of Fedhas.
    23 | D        | Found a radiant altar of Vehumet.
    23 | D        | Found a glowing silver altar of Zin.
    23 | D        | Found a corrupted altar of Lugonu.
    23 | D        | Found a viscous altar of Jiyva.
    23 | D        | Found a roughly hewn altar of Beogh.
    23 | D        | Found an iron altar of Okawaru.
    27 | D        | Found a stormy altar of Qazlal.
    28 | D        | Found an opulent altar of Gozag.
    29 | D        | Became a worshipper of Beogh the Brigand
    65 | D        | Noticed a worker ant
    73 | D        | Reached skill level 4 in Charms
    73 | D        | Reached XP level 2. HP: 26/26 MP: 3/5
    77 | D        | Killed a worker ant
    77 | D        | Reached skill level 1 in Dodging
    77 | D        | Reached skill level 5 in Charms
    77 | D        | Reached XP level 3. HP: 33/33 MP: 1/6
    86 | D        | Learned a level 3 spell: Spectral Weapon
   112 | D        | Acquired Beogh's first power
   335 | D        | Acquired Beogh's second power
   337 | D        | Reached skill level 1 in Hexes
   402 | D        | Noticed an ice beast
   403 | D        | Noticed a gnoll shaman
   403 | D        | Noticed an iron imp
   405 | D        | Noticed a wolf
   406 | D        | Noticed a jelly
   407 | D        | Noticed Jessica
   407 | D        | Acquired Beogh's third power
   407 | D        | Reached XP level 4. HP: 18/40 MP: 3/7
   409 | D        | Slain by an iron imp

Vault maps used:
D:        pitsprint

Action                   |  1- 3 |  4- 6 || total
-------------------------+-------+-------++-------
Melee: Hand axe          |    27 |     2 ||    29
 Cast: Infusion          |     2 |       ||     2
       Spectral Weapon   |     4 |       ||     4
  Use: Potion            |     1 |       ||     1
